 Dungeon Crawl Stone Soup version 0.29.1-15-g9cfb28693d (webtiles) character file.

Game seed: 13227884431038245746

330 croobank the Chopper (level 6, 0/41 HPs)
             Began as an Octopode Gladiator on Feb 27, 2023.
             Slain by Crazy Yiuf
             ... wielding a +3 quarterstaff of chaos
              (10 damage)
             ... on level 3 of the Dungeon.
             The game lasted 00:08:19 (3783 turns).

croobank the Chopper (Octopode Gladiator)           Turns: 3783, Time: 00:08:20

Health: 0/41       AC:  1    Str: 14    XL:     6   Next: 51%
Magic:  0/9        EV: 14    Int: 20    God:
Gold:   172        SH:  0    Dex: 13    Spells: 7/9 levels left

rFire   . . .      SeeInvis +   p - +2 hand axe (venom)
rCold   + . .      Faith    .   (no shield)
rNeg    + . .      Spirit   .   b - +0 hat
rPois   .          Reflect  .   (no amulet)
rElec   +          Harm     .   s - ring "Doromel" {rElec rC+ Int+8 Stlth-}
rCorr   .          Rampage  .   j - ring of positive energy
Will    .....                   r - ring of see invisible
Stlth   +.........              (no ring)
HPRegen 0.13/turn               (no ring)
MPRegen 0.11/turn               (no ring)
                                (no ring)
                                (no ring)

@: very slightly contaminated
A: almost no armour, amphibious, 8 rings, camouflage 1, gelatinous body 1,
(nimble swimmer 1), tentacles
a: no special abilities


You were on level 3 of the Dungeon.
You visited 1 branch of the dungeon, and saw 3 of its levels.
You also visited: Sewer.

You collected 172 gold pieces.

Inventory:

Hand Weapons
 a - a +0 war axe
 l - a +0 dagger
 p - a +2 hand axe of venom (weapon)
 u - a +0 quarterstaff
Missiles
 c - 2 throwing nets (quivered)
 d - a javelin
Armour
 b - a +0 hat (worn)
Magical Staves
 t - a staff of air
Jewellery
 j - a ring of positive energy (right tentacle)
 r - a ring of see invisible (on tentacle)
 s - the ring "Doromel" (left tentacle) {rElec rC+ Int+8 Stlth-}
   (You found it on level 2 of the Dungeon)

   [ring of protection from cold]

   Int:       It affects your intelligence (+8).
   rC:        It protects you from cold.
   rElec:     It insulates you from electricity.
   Stlth:     It makes you less stealthy.
Scrolls
 h - 2 scrolls of teleportation
 i - a scroll of enchant armour {unknown}
 q - a scroll of identify
 v - a scroll of blinking
 w - a scroll of butterflies
 x - a scroll of amnesia
Potions
 e - 2 potions of curing
 f - a potion of magic
 g - a potion of mutation {unknown}
 k - a potion of might {unknown}
 m - 2 potions of flight {unknown}
 n - a potion of lignification {unknown}
 o - a potion of heal wounds {unknown}


   Skills:
 + Level 2.8 Fighting
 + Level 3.7 Axes
 + Level 3.0 Throwing
 + Level 3.6 Dodging
 + Level 2.1 Spellcasting
 + Level 2.2 Hexes
 + Level 2.3 Ice Magic


You had 7 spell levels left.
You knew the following spells:

 Your Spells              Type           Power      Damage    Failure   Level
a - Ensorcelled Hibernat  Hex/Ice        22%        N/A       9%          2

Your spell library contained the following spells:

 Spells                   Type           Power      Damage    Failure   Level
 Tukima's Dance           Hex            11%        N/A       19%         3
 Passwall                 Tmut/Erth      1%         N/A       24%         2
 Portal Projectile        Hex/Tloc       12%        N/A       28%         3
 Swiftness                Air            2%         N/A       43%         3
 Blade Hands              Tmut           1%         N/A       99%         5


Dungeon Overview and Level Annotations

Branches:
Dungeon (3/15)              Sewer (visited)

Altars:
Fedhas

Shops:
D:1 ?

Annotations:
D:3 Crazy Yiuf


Innate Abilities, Weirdness & Mutations

You cannot wear most types of armour.
You are amphibious.
You can wear up to eight rings at the same time.
Your skin changes colour to match your surroundings (Stealth+).
Your rubbery body absorbs attacks. (AC +1, EV +1)
((You are camouflaged when in or above water. (Stealth+)))
You have tentacles for arms and can constrict up to eight enemies at once.


Message History

Orders for allies: a - Attack new target. r - Retreat! s - Stop attacking. g - Guard the area. f - Follow me.
Anything else - Cancel.
Gang up on whom?
Press: ? - help, Dir - move target, f - Crazy Yiuf
Aim: Crazy Yiuf, wielding a +3 quarterstaff of chaos and wearing a +2 cloak of stealth (fire blocked by a runed translucent door)
Okay, then.
You open the door.
Casting: Ensorcelled Hibernation (safe; 9% risk of failure)
Confirm with . or Enter, or press ? or * to list all spells.
Aiming: Ensorcelled Hibernation (safe; 9% risk of failure)
Press: ? - help, Shift-Dir - straight line, f - Crazy Yiuf
Aim: Crazy Yiuf, wielding a +3 quarterstaff of chaos and wearing a +2 cloak of stealth (chance to affect: 53%)
You miscast Ensorcelled Hibernation.
You are very lightly contaminated with residual magic.
Nothing appears to happen.
Crazy Yiuf says, "East!"
Crazy Yiuf hits you with a +3 quarterstaff of chaos!
Crazy Yiuf burns you.
Casting: Ensorcelled Hibernation (safe; 9% risk of failure)
Confirm with . or Enter, or press ? or * to list all spells.
Aiming: Ensorcelled Hibernation (safe; 9% risk of failure)
Press: ? - help, Shift-Dir - straight line, f/p - Crazy Yiuf
Aim: Crazy Yiuf, wielding a +3 quarterstaff of chaos and wearing a +2 cloak of stealth (chance to affect: 53%)
You miscast Ensorcelled Hibernation.
Nothing appears to happen.
Crazy Yiuf hits you with a +3 quarterstaff of chaos!
You feel your power leaking away.
Casting: Ensorcelled Hibernation (safe; 9% risk of failure)
Confirm with . or Enter, or press ? or * to list all spells.
You don't have enough magic to cast this spell.
You hit Crazy Yiuf but do no damage.
Crazy Yiuf is poisoned.
You grab Crazy Yiuf. You constrict Crazy Yiuf.
Crazy Yiuf hits you with a +3 quarterstaff of chaos!
* * * LOW HITPOINT WARNING * * *
Crazy Yiuf freezes you.
* * * LOW HITPOINT WARNING * * *
You feel better.
You constrict Crazy Yiuf.
Crazy Yiuf hits you with a +3 quarterstaff of chaos!
You die...

.#
#....###.....#
.# ##..##
#.#.#.######
.##########
#PP.P#
#...........
..........#
##...#
#.#.#.#####.
#########.##
##.## #.....#
##. #..# ##.#
###.######..
#### #.##
###.##......
##.#
#......###..
#@##
###.........
#g# ##########
... #...#
#)..# #####


You could see Crazy Yiuf (poisoned).

Vanquished Creatures
  2 bullfrogs (Sewer)
  9 adders
  6 worms
  4 dart slugs
  3 orcs (D:3)
  4 endoplasms
  14 giant cockroaches
  A goblin (D:1)
  7 hobgoblins
  3 jackals (D:1)
  2 kobolds (D:3)
  5 quokkas
  5 ball pythons
  7 bats
  12 frilled lizards
  8 rats
92 creatures vanquished.

Vanquished Creatures (others)
  A plant (D:3)
1 creature vanquished.

Grand Total: 93 creatures vanquished

Notes
Turn   | Place    | Note
-------+----------+-------------------------------------------
     0 | D:1      | croobank the Octopode Gladiator began the quest for the
                  | Orb.
     0 | D:1      | Reached XP level 1. HP: 14/14 MP: 1/1
   375 | D:1      | Found Turiran's Magic Scroll Shop.
   418 | D:1      | Reached XP level 2. HP: 17/19 MP: 2/2
   788 | D:1      | Reached XP level 3. HP: 25/25 MP: 3/3
   987 | D:2      | Learned a level 2 spell: Ensorcelled Hibernation
  1173 | D:2      | Reached XP level 4. HP: 20/30 MP: 4/4
  1777 | D:2      | Identified the ring "Doromel" {rElec rC+ Int+8 Stlth-}
  1880 | D:2      | Found a faded altar of an unknown god.
  2252 | D:3      | Found a runed translucent door.
  2253 | D:3      | Noticed Crazy Yiuf
  2376 | D:3      | Reached XP level 5. HP: 35/35 MP: 6/6
  2385 | D:3      | Reached skill level 1 in Spellcasting
  2385 | D:3      | Reached skill level 1 in Hexes
  2388 | D:3      | Found a glowing drain.
  2393 | Sewer    | Entered a sewer
  2416 | Sewer    | Reached skill level 1 in Ice Magic
  2806 | Sewer    | Reached XP level 6. HP: 12/41 MP: 6/8
  3025 | Sewer    | Identified the +1 ring mail of Incorporation {rElec Str+4
                  | Int+2}
  3130 | D:3      | Found a blossoming altar of Fedhas.
  3782 | D:3      | HP: 2/41 [Crazy Yiuf/+3 quarterstaff of chaos (11)]
  3783 | D:3      | Slain by Crazy Yiuf

Illustrated notes

Levels and vault maps discovered:
D:1:      sevenhm_arrival_forest_fort_small_4, layout_loops_corners,
          serial_shops, nicolae_shop_stone
D:2:      layout_loops_ring, shapermc_ecumenical_altar_petra
D:3:      layout_loops_ring, fedhas_altar_1, gup_sewer_entry_spiral,
          uniq_crazy_yiuf_cottage

Skill      XL: |  1  2  3  4  5  6 |
---------------+-------------------+-----
Spellcasting   | 1 2 |  2.1
Hexes          | 1 2 |  2.2
Ice Magic      | 1 2 |  2.3
Throwing       | 3 |  3.0
Fighting       | |  2.8
Axes           | |  3.7
Dodging        | |  3.6

Action                   |  1- 3 |  4- 6 || total
-------------------------+-------+-------++-------
Melee: War axe           |    48 |    38 ||    86
       Constrict         |    16 |    28 ||    44
       Tentacles         |     6 |    19 ||    25
       Hand axe          |       |    71 ||    71
       Punch             |       |     1 ||     1
Throw: Throwing net      |       |     2 ||     2
  Use: Scroll            |       |    12 ||    12
       Potion            |       |     1 ||     1
 Stab: Sleeping          |     3 |     7 ||    10
       Distracted        |       |     1 ||     1
       Held in net/web   |       |     1 ||     1
Armor: Skin              |     7 |     6 ||    13
Dodge: Dodged            |    39 |    61 ||   100
